 Dungeon Crawl Stone Soup version 0.31-a0-219-g8d62b2e7bb (webtiles) character file.

Game seed: 10413648753455552721

65 qw the Shooter (level 3, -7/29 HPs)
             Began as a Minotaur Hexslinger on July 3, 2023.
             Killed from afar by Ijyb (15 damage)
             ... with a bolt of dispelling energy
             ... on level 2 of the Dungeon.
             The game lasted 00:00:29 (935 turns).

qw the Shooter (Minotaur Hexslinger)                 Turns: 935, Time: 00:00:29

Health: -7/29      AC:  3    Str: 12    XL:     3   Next: 92%
Magic:  3/3        EV: 12    Int: 10    God:
Gold:   86         SH:  0    Dex: 14    Spells: 3/4 levels left

rFire   . . .        Y - +1 sling
rCold   . . .        (no shield)
rNeg    . . .        c - +0 robe
rPois   .            (helmet restricted)
rElec   .            e - +0 cloak
rCorr   .            (no gloves)
SInv    .            (no boots)
Will    .....        (no amulet)
Stlth   +            (no ring)
HPRegen 0.24/turn    (no ring)
MPRegen 0.08/turn

%: no passive effects
@: no status effects
A: horns 2, retaliatory headbutt
a: no special abilities


You were on level 2 of the Dungeon.
You visited 1 branch of the dungeon, and saw 2 of its levels.

You collected 86 gold pieces.


Innate Abilities, Weirdness & Mutations

You have a pair of horns on your head.
You reflexively headbutt those who attack you in melee.


   Skills:
 - Level 2.0 Fighting
 + Level 4.4 Ranged Weapons
 - Level 2.1 Dodging
 - Level 1.0 Spellcasting
 - Level 2.0 Hexes


You had 3 spell levels left.
You knew the following spells:

 Your Spells              Type           Power      Damage    Failure   Level
a - Slow                  Hex            16%        N/A       16%         1

Your spell library contained the following spells:

 Spells                   Type           Power      Damage    Failure   Level
 Inner Flame              Hex/Fire       2%         N/A       56%         3
 Portal Projectile        Hex/Tloc       4%         N/A       56%         3
 Cause Fear               Hex            2%         N/A       83%         4

Inventory:

Hand Weapons
 Y - a +1 sling (weapon)
Armour
 b - a +0 pair of boots
 c - a +0 robe (worn)
 e - a +0 cloak (worn)
Scrolls
 a - a scroll of revelation {unknown}
 d - a scroll of noise {unknown}
Potions
 f - a potion of heal wounds {unknown}

Dungeon Overview and Level Annotations

Branches:
Dungeon (2/15)

Altars:

Annotations:
D:2 Ijyb


Message History

You furiously retaliate!
You headbutt the goblin.
You kill the goblin!
You shoot a sling bullet.
The sling bullet closely misses the goblin.
The goblin hits you with a +0 dagger. The goblin hits you but does no damage.
You shoot a sling bullet.
The sling bullet closely misses the goblin.
The sling bullet barely misses the goblin.
The goblin misses you. Ijyb hits you with a +0 club.
You shoot a sling bullet. The sling bullet hits the goblin.
You kill the goblin!
Ijyb hits you with a +0 club. The goblin closely misses you.
You furiously retaliate!
You headbutt the goblin.
You kill the goblin!
The goblin barely misses you.
You shoot a sling bullet. The sling bullet hits Ijyb.
Ijyb is lightly wounded.
The goblin closely misses you. Ijyb barely misses you. Ijyb closely misses you.
The goblin barely misses you.
You shoot a sling bullet. The sling bullet hits Ijyb.
Ijyb is lightly wounded.
The goblin hits you with a +0 dagger. Ijyb misses you.
You shoot a sling bullet.
The sling bullet completely misses Ijyb.
The goblin hits you but does no damage. Ijyb barely misses you.
You shoot a sling bullet.
The sling bullet hits Ijyb but does no damage.
Ijyb is lightly wounded.
The goblin hits you with a +0 dagger. Ijyb misses you. You furiously retaliate!
You headbutt Ijyb. You shoot a sling bullet.
The sling bullet barely misses Ijyb.
The goblin hits you with a +0 dagger. Ijyb barely misses you.
You shoot a sling bullet. The sling bullet closely misses Ijyb.
The goblin closely misses you. You furiously retaliate!
You headbutt the goblin.
You kill the goblin!
Ijyb zaps a wand.
The bolt of dispelling energy hits you!
You shoot a sling bullet. The sling bullet misses Ijyb.
Ijyb zaps a wand.
The bolt of dispelling energy hits you!
Ouch! That really hurt!
You die...

###.#########.....#
....# #...#...[.#
...%# #...#.....#
....# #...#.....#
###.# #...#.....#
#.# #.........# #.#
#........## #.#
#.......)#######
#.#
#.......@)).....
###.###
###.....)g......
......#
#......#8.....
......#
#......#......
##### ......#
#......# .....
#.... ......#
#......# .....
#.### ......#
#......# ....
......# ########
.... ## ......#####
#.


You could see Ijyb.

Vanquished Creatures
  A gnoll (D:1)
  An adder (D:2)
  A dart slug (D:2)
  5 bats
  2 endoplasms (D:1)
  A giant cockroach (D:1)
  9 goblins
  7 hobgoblins
  3 jackals (D:1)
  A kobold (D:1)
  2 quokkas (D:2)
  3 ball pythons (D:1)
  2 frilled lizards (D:1)
  2 rats (D:1)
40 creatures vanquished.

Notes
Turn   | Place    | Note
-------+----------+-------------------------------------------
     0 | D:1      | qw the Minotaur Hexslinger began the quest for the Orb.
     0 | D:1      | Reached XP level 1. HP: 16/16 MP: 1/1
     0 | D:1      | 0 ||| qw: Version: 0.3-a-40-ge99b1a8
     0 | D:1      | 0 ||| qw: Game counter: 317
     0 | D:1      | 0 ||| qw: Melee chars always use a shield: true
     0 | D:1      | 0 ||| qw: God list: Okawaru
     0 | D:1      | 0 ||| qw: Allow faded altars: false
     0 | D:1      | 0 ||| qw: Do Orc after clearing Dungeon:15 true
     0 | D:1      | 0 ||| qw: Do second Lair branch before Depths: true
     0 | D:1      | 0 ||| qw: Lair rune preference: random
     0 | D:1      | 0 ||| qw: Goals: Normal
     0 | D:1      | 0 ||| PLANNING D:1-11
   180 | D:1      | Reached skill level 3 in Ranged Weapons
   180 | D:1      | Reached XP level 2. HP: 23/23 MP: 2/2
   416 | D:1      | 416 ||| Stepping ~*~*~tactically~*~*~ (water).
   542 | D:1      | Reached XP level 3. HP: 29/29 MP: 3/3
   717 | D:1      | 717 ||| UPGRADING to +0 cloak.
   722 | D:1      | 722 ||| READING scroll labelled MAMEOTE COTSA.
   723 | D:1      | 723 ||| DROPPING scroll of poison.
   785 | D:2      | 785 ||| FLEEEEING.
   786 | D:2      | 786 ||| FLEEEEING.
   790 | D:2      | Reached skill level 4 in Ranged Weapons
   918 | D:2      | Noticed Ijyb
   934 | D:2      | HP: 7/29 [Ijyb/bolt of dispelling energy (8)]
   935 | D:2      | Killed from afar by Ijyb

Levels and vault maps discovered:
D:1:      noname_arrival_rooms_in_the_neighbourhood, layout_loops_ring,
          chequers_serial_rivers_marsh, hangedman_decor_clover_reticule
D:2:      kennysheep_the_goblin_king, layout_basic, roderic_lattice_a,
          uniq_sigmund

Skill      XL: |  1  2  3 |
---------------+----------+-----
Ranged Weapons | 3 4 |  4.4
Fighting       | 2 |  2.0
Dodging        | |  2.1
Spellcasting   | |  1.0
Hexes          | |  2.0

Action                     || total
---------------------------++-------
   Fire: Sling             ||   131
    Use: Scroll            ||     1
 Armour: Robe              ||    17
  Dodge: Dodged            ||    45

Table legend:
 A = Non-vault XP
 B = Vault XP
 C = Vault XP percentage of total XP
 D = Non-vault monster count
 E = Vault monster count
 F = Vault count percentage of total count
                 A         B        C        D         E       F
            +---------+---------+-------+---------+---------+-------
      Total |      83 |      10 |  10.8 |      34 |       6 |  15.0
            +---------+---------+-------+---------+---------+-------
        D:1 |      57 |       0 |   0.0 |      27 |       0 |   0.0
        D:2 |      26 |      10 |  27.8 |       7 |       6 |  46.2
            +---------+---------+-------+---------+---------+-------
